 Dungeon Crawl Stone Soup version 0.29-a0-823-gc37b1572da (webtiles) character file.

Game seed: 11797949090838688978

55815 buhh the Transmogrifier (level 14, -11/118 HPs)
             Began as an Octopode Transmuter on July 9, 2022.
             Was the Champion of Cheibriados.
             Mangled by an orc warrior
             ... wielding a +0 short sword
             ... led by an orc warlord
              (20 damage)
             ... on level 2 of the Orcish Mines.
             The game lasted 00:42:31 (33219 turns).

buhh the Transmogrifier (Octopode Transmuter)      Turns: 33219, Time: 00:42:32

Health: -11/118    AC: 14    Str: 24    XL:     14   Next: 79%
Magic:  15/22      EV: 19    Int: 35    God:    Cheibriados [******]
Gold:   1610       SH:  0    Dex: 28    Spells: 7/17 levels left

rFire   . . .      SeeInvis .     - Unarmed
rCold   + + +      Faith    .   (shield currently unavailable)
rNeg    . . .      Spirit   .   (helmet currently unavailable)
rPois   +          Reflect  .   (no amulet)
rElec   .          Harm     .   j - ring of willpower
rCorr   .          Rampage  .   q - ring of protection from fire
Will    ++...                   x - ring of wizardry
Stlth   +++.......              L - ring of ice
HPRegen 0.29/turn               G - ring of fire
MPRegen 0.18/turn               (no ring)
                                (no ring)
                                (no ring)

@: ice-form, wereblooded (expiring), studying Stealth, very slow
A: freezing attack, boosted hp, almost no armour, amphibious, 8 rings, large,
(camouflage 1), (gelatinous body 1), (nimble swimmer 1), (tentacles)
a: End Transformation, Renounce Religion, Bend Time, Temporal Distortion,
Slouch, Step From Time


You were on level 2 of the Orcish Mines.
You worshipped Cheibriados.
Cheibriados was exalted by your worship.
You were a creature of crystalline ice.
You visited 4 branches of the dungeon, and saw 21 of its levels.

You collected 1610 gold pieces.

Inventory:

Hand Weapons
 s - the +6 quick blade of Birao (melded) {vorpal, rElec rCorr Int-5 Stlth+}
   (You found it on level 4 of the Dungeon)

   It inflicts extra damage upon your enemies.
   Int:       It affects your intelligence (-5).
   rElec:     It insulates you from electricity.
   rCorr:     It protects you from acid and corrosion.
   Stlth:     It makes you more stealthy.
Missiles
 l - 7 curare-tipped darts
 u - 2 throwing nets
 v - 47 poisoned darts
Magical Staves
 J - a staff of poison
 N - a staff of earth
Jewellery
 j - a ring of willpower (left front paw)
 q - a ring of protection from fire (right front paw)
 x - a ring of wizardry (on tentacle)
 C - an amulet of guardian spirit
 D - an amulet of faith
 G - a ring of fire (on tentacle)
 I - an amulet of the acrobat
 L - a ring of ice (on tentacle)
Wands
 t - a wand of mindburst (13)
 F - a wand of polymorph (5)
 M - a wand of flame (5)
 R - a wand of digging (8)
 T - a wand of acid (2)
Scrolls
 d - a scroll of summoning {unknown}
 f - 2 scrolls of noise
 h - 3 scrolls of vulnerability
 n - 5 scrolls of identify {!d}
 p - 2 scrolls of fog
 r - 3 scrolls of amnesia
 y - 4 scrolls of enchant armour
 z - a scroll of brand weapon
 H - 2 scrolls of fear {!r}
 P - a scroll of enchant weapon {unknown}
 S - a scroll of acquirement {unknown}
 U - a scroll of magic mapping {!r!d}
 V - a scroll of teleportation {!d}
Potions
 a - 2 potions of flight
 c - a potion of haste {!q!d}
 e - 2 potions of resistance {!q!d}
 g - a potion of cancellation {!q!d}
 i - 3 potions of degeneration
 k - 3 potions of brilliance {!q!d}
 o - a potion of lignification {!d}
 A - a potion of attraction {unknown}
 B - a potion of mutation {unknown}
 E - a potion of might {unknown}
 O - a potion of magic {unknown}
 Q - a potion of berserk rage {unknown}
Miscellaneous
 b - a phial of floods (inert)
 K - a box of beasts


   Skills:
 - Level 10.3 Fighting
 - Level 10.2 Dodging
 - Level 2.0 Stealth
 - Level 10.2 Unarmed Combat
 - Level 2.0 Spellcasting
 - Level 14.0 Transmutations
 - Level 8.0 Ice Magic
 - Level 3.0 Poison Magic
 * Level 11.5 Invocations


You had 7 spell levels left.
You knew the following spells:

 Your Spells              Type           Power      Damage    Failure   Level
a - Beastly Appendage     Tmut           100%       N/A       0%          1
b - Wereblood             Tmut           79%        N/A       1%          2
c - Spider Form           Tmut/Pois      58%        N/A       1%          3
d - Ice Form              Ice/Tmut       88%        N/A       1%          4

Your spell library contained the following spells:

 Spells                   Type           Power      Damage    Failure   Level
 Petrify                  Tmut/Erth      51%        N/A       1%          4
 Sandblast                Erth           6%         2d5       2%          1
 Static Discharge         Conj/Air       3%         3-4/arc   3%          2
 Dazzling Flash           Conj/Hex       6%         N/A       7%          3
 Eringya's Noxious Bog    Tmut/Pois      29%        N/A       11%         6
 Anguish                  Hex/Necr       1%         N/A       22%         4
 Dispel Undead            Necr           3%         3d7       22%         4
 Fulminant Prism          Conj/Hex       1%         3d6       22%         4
 Iskenderun's Mystic Bla  Conj/Tloc      3%         2d3       22%         4
 Leda's Liquefaction      Hex/Erth       1%         N/A       22%         4
 Passage of Golubria      Tloc           3%         N/A       22%         4
 Sticky Flame             Conj/Fire      5%         2d3       22%         4
 Agony                    Necr           3%         N/A       50%         5
 Lee's Rapid Deconstruct  Erth           1%         3d5*      50%         5
 Silence                  Hex/Air        1%         N/A       50%         5
 Summon Forest            Summ/Tloc      1%         N/A       50%         5
 Enfeeble                 Hex            1%         N/A       100%        7
 Summon Hydra             Summ           1%         N/A       100%        7
 Lehudib's Crystal Spear  Conj/Erth      1%         10d2      100%        8
 Shatter                  Erth           1%         3d6*      100%        9


Dungeon Overview and Level Annotations

Branches:
Dungeon (12/15) Zot: 39808  Temple (1/1) D:6 Zot: 8622    Lair (6/6) D:10 Zot: 34722
  Swamp (0/4) Lair:2        Snake (0/4) Lair:4        Slime (0/5) Lair:5
    Orc (2/2) D:12 Zot: 16542     Elf (0/3) Orc:2

Altars:
Ashenzari
Cheibriados
Dithmenos
Elyvilon
Fedhas
Gozag
Hepliaklqana
Kikubaaqudgha
Makhleb
Nemelex Xobeh
Okawaru
Qazlal
Ru
Sif Muna
Trog
Uskayaw
Vehumet
Wu Jian
Xom
Yredelemnul
Zin
The Shining One
Jiyva

Shops:
D:7 *   D:8 (:((   D:11 :   Orc:2 *(

Annotations:
D:5 2 runed translucent doors, ihfijgdoutdouutd's ghost, novice DgHu
D:6 exclusion: downstairs
D:7 exclusion: downstairs, Joseph
D:11 exclusion: downstairs
D:12 Azrael
Lair:2 exclusions: downstairs, hydra and 2 more exclusions
Lair:4 exclusion: ice statue


Innate Abilities, Weirdness & Mutations

You are a creature of crystalline ice.
You have a powerful freezing melee attack.
Your maximum health is increased.
Your armour is entirely melded.
You are incapable of wielding weapons or throwing items.
You cannot wear most types of armour.
You are amphibious.
You can wear up to eight rings at the same time.
((Your skin changes colour to match your surroundings (Stealth+).))
((Your rubbery body absorbs attacks. (AC +1, EV +1)))
((You are camouflaged when in or above water. (Stealth+)))
((You have tentacles for arms and can constrict up to eight enemies at once.))


Message History

Your transformation is almost over.
An orc comes into view. It is wielding a +0 flail.
The orc hits you but does no damage.
The orc moves out of view.
Items here: ))) [[ ÷.
You pummel the orc like a punching bag!!!
You freeze the orc.
You feel a bit better.
You kill the orc!
Cheibriados thoroughly appreciates the change of pace.
You hear a shout!
You punch the orc! You freeze the orc.
You feel a bit better.
You kill the orc!
Cheibriados appreciates the change of pace.
The orc knight roars a battlecry!
The orc goes into a battle-frenzy!
Items here: )))) [ ÷.
You howl as the wereblood boils in your veins!
You hear a shout!
An orc warrior comes into view. It is wielding a +0 short sword.
The orc knight roars a battlecry!
The orc warrior goes into a battle-frenzy!
The orc knight hits you with a +0 dire flail!!
The orc knight completely misses you.
Items here: ))) [[ ÷.
You barely miss the orc knight. The orc knight closely misses you.
You pummel the orc knight!! You freeze the orc knight!
The orc knight is heavily wounded.
You warm up again.
The +6 quick blade of Birao {vorpal, rElec rCorr Int-5 Stlth+} unmelds from your body.
An orc wizard comes into view. It is wielding a +0 dagger.
The orc knight hits you with a +0 dire flail!!
* * * LOW HITPOINT WARNING * * *
Casting: Ice Form (safe; 1% risk of failure)
Press: ? - help, Q - select action, (/) - cycle Dir - look around, f - activate You feel a surge of power!
You turn into a creature of crystalline ice.
The +6 quick blade of Birao {vorpal, rElec rCorr Int-5 Stlth+} melds into your body.
Your primal bloodlust is almost over.
The orc sorcerer mumbles some strange words.
The orc warrior hits you with a +0 short sword!!
You die...

......#.....<................ ...
......####.......................
...[.................#...........
...#####............
..##...##.#.######.. #
..#.....#.#.# ..## ..#).._.#.#.#
...# ..')....#.#.######o3..#.
..##...##.#..))oYoo.....
#..#####..##########....
#.........## . ###......#.#
##.......### .#.....### ........#
#......## #......#


You could see an orc knight, a sixfirhy (summoned), an orc sorcerer (strong), an
orc warrior (strong) and an orc wizard (strong).

Vanquished Creatures
  Kirke (Lair:5)
  Snorg (D:12)
  Fannar (Lair:3)
  6 hydras
  2 boulder beetles
  3 two-headed ogres
  An orc high priest (Orc:2)
  9 death yaks
  A sixfirhy (D:10)
  A lindwurm (Lair:6)
  An ugly thing (D:12)
  An orc knight (Orc:2)
  A deep elf pyromancer (D:11)
  A cyclops (D:12)
  3 manticores
  13 elephants
  A rust devil (D:10)
  2 black mambas
  A guardian serpent (Lair:4)
  13 cane toads
  A freezing wraith (Lair:4)
  An unseen horror (D:11)
  2 rime drakes
  A kobold demonologist (D:12)
  6 komodo dragons
  6 trolls
  2 polar bears (Lair:6)
  12 blink frogs
  Grinder (D:5)
  4 dream sheep (Lair:4)
  A shadow (D:11)
  Sigmund (D:2)
  A wraith (D:7)
  A vampire (D:12)
  4 wyverns
  3 basilisks
  34 yaks
  2 steam dragons
  A death yak simulacrum (Lair:4)
  Menkaure (D:7)
  A warg (Orc:2)
  13 water moccasins
  3 acid dragons
  A hell hound (D:11)
  10 ice beasts
  14 orc warriors
  4 ogres
  3 sky beasts
  6 black bears
  34 wolves
  2 phantoms (D:5)
  A centaur (Lair:1)
  4 kobold brigands
  2 scorpions
  15 bullfrogs
  A gnoll sergeant (D:8)
  15 wights
  6 killer bees (D:11)
  8 electric eels
  8 howler monkeys
  3 quasits (D:10)
  4 hounds
  4 jellies
  8 orc priests
  3 iguanas
  19 orc wizards
  9 hell rats (Lair:5)
  A polar bear simulacrum (Lair:4)
  A wolf simulacrum (Lair:4)
  Robin (D:2)
  8 adders
  12 gnolls
  7 white imps
  3 dart slugs
  59 orcs
  10 bats
  6 endoplasms
  4 giant cockroaches
  14 goblins
  13 hobgoblins
  20 kobolds
  7 ball pythons
  4 frilled lizards
  A rat (D:3)
520 creatures vanquished.

Vanquished Creatures (collateral kills)
  A catoblepas (Lair:3)
1 creature vanquished.

Vanquished Creatures (others)
  5 humans (Lair:5)
  A jelly (Lair:5)
  A hell rat (Lair:5)
  5 demonic plants (D:10)
  99 fungi
  126 plants
237 creatures vanquished.

Grand Total: 758 creatures vanquished

Notes
Turn   | Place    | Note
-------+----------+-------------------------------------------
     0 | D:1      | buhh the Octopode Transmuter began the quest for the Orb.
     0 | D:1      | Reached XP level 1. HP: 13/13 MP: 3/3
    92 | D:1      | Reached XP level 2. HP: 7/18 MP: 3/5
   882 | D:1      | Reached XP level 3. HP: 23/23 MP: 4/6
  1244 | D:2      | Noticed Robin
  1578 | D:1      | Learned a level 2 spell: Wereblood
  1909 | D:1      | Learned a level 3 spell: Spider Form
  1950 | D:2      | Killed Robin
  1964 | D:2      | Reached XP level 4. HP: 22/29 MP: 2/7
  2129 | D:2      | Noticed Sigmund
  2204 | D:2      | You fall into a shaft and drop 1 floor!
  2335 | D:3      | Found a faded altar of an unknown god.
  2668 | D:3      | Identified the +2 leather armour of Xaatost {Dex+4}
  2693 | D:3      | Found an ancient bone altar of Kikubaaqudgha.
  3203 | D:2      | Reached XP level 5. HP: 34/35 MP: 6/8
  4382 | D:5      | Entered Level 5 of the Dungeon
  4438 | D:5      | Reached XP level 6. HP: 41/41 MP: 5/9
  4484 | D:5      | Noticed a black bear
  4491 | D:5      | Noticed a black bear
  4492 | D:5      | Killed a black bear
  4884 | D:4      | Identified the +6 quick blade of Birao {vorpal, rElec rCorr
                  | Int-5 Stlth+}
  4938 | D:4      | Found a burning altar of Makhleb.
  5174 | D:4      | Found a blossoming altar of Fedhas.
  5242 | D:4      | Reached XP level 7. HP: 12/46 MP: 6/10
  5969 | D:5      | Reached skill level 5 in Unarmed Combat
  6219 | D:5      | Identified the +2 whip of the Boiling Point {venom,
                  | *Corrode rPois rN+}
  6604 | D:5      | Reached skill level 3 in Transmutations
  6928 | D:6      | Reached XP level 8. HP: 54/54 MP: 7/11
  7147 | D:6      | Found a glowing golden altar of the Shining One.
  7401 | D:6      | Reached skill level 5 in Dodging
  7773 | D:6      | Reached skill level 4 in Transmutations
  7898 | D:6      | Found a basalt altar of Yredelemnul.
  8084 | D:7      | Found a shadowy altar of Dithmenos.
  8095 | D:7      | Noticed Joseph
  8152 | D:5      | Noticed Grinder
  8162 | D:5      | Reached skill level 5 in Fighting
  8170 | D:5      | Paralysed by Grinder for 5 turns
  8185 | D:5      | Killed Grinder
  8390 | D:5      | Found a large runed translucent door.
  8390 | D:5      | Found a large runed translucent door.
  8392 | D:5      | Noticed ihfijgdoutdouutd's ghost (novice DgHu)
  8781 | D:7      | Reached XP level 9. HP: 37/62 MP: 10/12
  8917 | D:7      | Reached skill level 5 in Transmutations
  9664 | D:7      | Noticed Menkaure
  9740 | D:7      | Found Doeckus's Lightly-Used Armoury.
 10401 | D:8      | Found a white marble altar of Elyvilon.
 10683 | D:8      | Found Fizomud's Antique Weapon Shop.
 10711 | D:8      | Found Timnevyu's Book Shop.
 11025 | D:9      | Identified the +2 war axe of Esmufurch {antimagic, Fragile
                  | Int+5}
 11103 | D:9      | Noticed a two-headed ogre
 11135 | D:9      | Killed a two-headed ogre
 11136 | D:9      | Reached skill level 5 in Ice Magic
 11136 | D:9      | Reached XP level 10. HP: 61/71 MP: 13/13
 11377 | D:9      | Noticed a +0 short sword
 11378 | D:9      | Noticed a +0 falchion
 11381 | D:9      | Noticed a +0 dagger
 11381 | D:9      | Noticed a +0 spear
 11381 | D:9      | Noticed a +0 short sword
 11382 | D:9      | Noticed a +0 dagger
 11382 | D:9      | Noticed a +0 spear
 11382 | D:9      | Noticed a +0 falchion
 11384 | D:9      | Found a hide-covered altar of Uskayaw.
 11692 | D:8      | Found a shimmering altar of Xom.
 11853 | D:9      | Learned a level 4 spell: Ice Form
 11885 | D:10     | Entered Level 10 of the Dungeon
 11933 | D:10     | Noticed a death yak
 13106 | D:8      | Found Nuoraegu's Antique Weapon Emporium.
 13227 | D:8      | Found Ofiutedo's Weapon Shoppe.
 13647 | D:10     | Noticed a sixfirhy
 13829 | D:10     | Found a staircase to the Lair.
 14132 | D:10     | Noticed an elephant
 14135 | D:10     | Killed a death yak
 14136 | D:10     | Reached skill level 6 in Transmutations
 14138 | D:10     | Reached skill level 8 in Fighting
 14424 | D:10     | Killed an elephant
 14425 | D:10     | Reached skill level 8 in Dodging
 14425 | D:10     | Reached XP level 11. HP: 77/77 MP: 10/14
 14454 | D:10     | Reached skill level 8 in Unarmed Combat
 14565 | Lair:1   | Entered Level 1 of the Lair of Beasts
 15173 | D:10     | Noticed a two-headed ogre
 15518 | D:2      | Killed Sigmund
 15519 | D:2      | Reached skill level 7 in Transmutations
 15747 | D:7      | Killed Menkaure
 16122 | D:6      | Found a staircase to the Ecumenical Temple.
 16128 | Temple   | Entered the Ecumenical Temple
 16361 | Temple   | Became a worshipper of Cheibriados the Contemplative
 18270 | Lair:2   | Found a staircase to the Swamp.
 18270 | Lair:2   | Noticed a bog body
 18406 | Lair:2   | Reached * piety under Cheibriados
 18642 | Lair:2   | Noticed a seven-headed hydra
 18981 | Lair:3   | Noticed a five-headed hydra
 18994 | Lair:3   | Killed a five-headed hydra
 18995 | Lair:3   | Reached skill level 8 in Transmutations
 18995 | Lair:3   | Reached skill level 8 in Ice Magic
 19758 | Lair:3   | Noticed a catoblepas
 19904 | Lair:3   | Noticed Fannar
 19928 | Lair:3   | Killed Fannar
 19929 | Lair:3   | Reached XP level 12. HP: 76/85 MP: 13/15
 20405 | Lair:4   | Found a staircase to the Snake Pit.
 20914 | Lair:4   | Noticed a boulder beetle
 20935 | Lair:4   | Noticed a four-headed hydra
 20944 | Lair:4   | Killed a four-headed hydra
 21556 | Lair:4   | Reached ** piety under Cheibriados
 21738 | Lair:4   | Reached skill level 10 in Fighting
 21740 | Lair:4   | Reached skill level 10 in Dodging
 21740 | Lair:4   | Reached skill level 10 in Unarmed Combat
 23014 | Lair:3   | Reached *** piety under Cheibriados
 23178 | Lair:3   | Killed a catoblepas
 23554 | Lair:3   | Reached skill level 9 in Transmutations
 24250 | Lair:4   | Killed a boulder beetle
 24251 | Lair:4   | Reached skill level 10 in Transmutations
 24251 | Lair:4   | Reached XP level 13. HP: 92/92 MP: 13/16
 24650 | Lair:5   | Reached skill level 11 in Transmutations
 24838 | Lair:6   | Entered Level 6 of the Lair of Beasts
 25092 | Lair:5   | Reached **** piety under Cheibriados
 25408 | Lair:5   | Noticed Kirke
 25424 | Lair:5   | Noticed a sphinx
 25426 | Lair:5   | Killed Kirke
 25643 | Lair:5   | Reached skill level 12 in Transmutations
 25936 | Lair:5   | Found a staircase to the Slime Pits.
 25937 | Lair:5   | Found a viscous altar of Jiyva.
 26108 | Lair:5   | Reached ***** piety under Cheibriados
 26127 | Lair:5   | Reached skill level 13 in Transmutations
 26754 | Lair:6   | Identified the +5 spear "Beast's Foe" {holy, Fragile +Blink
                  | Fly Will+}
 27073 | Lair:6   | Reached skill level 14 in Transmutations
 27345 | Lair:6   | Reached XP level 14. HP: 99/99 MP: 13/17
 27472 | Lair:6   | Reached skill level 5 in Invocations
 27752 | Lair:6   | Got the Omnibus of Ashen Shapeshifting
 28673 | Lair:6   | HP: 4/118 [death yak (20)]
 29798 | D:10     | Reached skill level 8 in Invocations
 30790 | D:11     | Reached ****** piety under Cheibriados
 30881 | D:11     | Found Miumuob's Tremendous Tomes.
 31746 | D:12     | Noticed Azrael
 32027 | D:12     | Reached skill level 10 in Invocations
 32119 | D:12     | Noticed Snorg
 32128 | D:12     | Killed Snorg
 32210 | D:12     | Found a staircase to the Orcish Mines.
 32220 | Orc:1    | Entered Level 1 of the Orcish Mines
 32351 | Orc:2    | Entered Level 2 of the Orcish Mines
 32371 | Orc:2    | Found a staircase to the Elven Halls.
 32514 | Orc:2    | Found Vuabror's General Store.
 32727 | Orc:2    | Found Moupy's Weapon Shop.
 33167 | Orc:2    | Noticed an orc warlord
 33219 | Orc:2    | Mangled by an orc warrior

Illustrated notes

Levels and vault maps discovered:
D:1:      minmay_arrival_diagonal_passages, layout_loops_ring,
          minmay_pentomino_w4
D:2:      layout_loops_ring, uniq_robin, uniq_sigmund
D:3:      layout_basic, mainiacjoe_overflow_small_starburst,
          ebering_ecumenical_altar_mist, minivault_26
D:4:      layout_cave_pools, mainiacjoe_overflow_alcove_1, fedhas_altar_2,
          serial_rivers, chequers_serial_rivers_small_a,
          chequers_serial_rivers_micro_a, chequers_serial_rivers_micro_c,
          chequers_serial_rivers_micro_e, chequers_serial_rivers_room_a
D:5:      layout_basic, ebering_ghost_disaster_area, uniq_grinder
D:6:      layout_loops_ring, mainiacjoe_overflow_cross_hatched,
          nicolae_tso_carved_into_rock, minmay_temple_entry_from_below_a,
          nicolae_kite_square_tiling_tiny, lemuel_old_faithful
D:7:      layout_basic, nicolae_dithmenos_the_darkroom, minmay_shop_damaged,
          minmay_manual_monstrance, uniq_joseph, uniq_menkaure
D:8:      layout_cave_pools, mainiacjoe_overflow_tiny_flanked, serial_shops,
          nicolae_lakefront_shop, nicolae_shop_temple_entry_statues_fountains,
          shop, kennysheep_little_box, minmay_ruined_shrine
D:9:      layout_basic, nicolae_uskayaw_en_pointe
D:10:     layout_basic, david_lair_generic, serial_demonic, serial_demonic_g,
          serial_demonic_g, serial_demonic_b, serial_demonic_b, serial_demonic_d
D:11:     layout_roguey, nicolae_shop_i_like_big_books, minmay_shattered_shrine
D:12:     layout_basic, david_orc_3, dreamdust_mushroom_princess, uniq_azrael,
          uniq_jorgrun, uniq_snorg
Temple:   minmay_temple_curvy_branch
Lair:1:   layout_misc_corridors, grunt_forest_large_clearing_hut
Lair:2:   layout_cave_pods, skrybe_swamp_entry_bodies, beast_lair_carwin_9
Lair:3:   layout_cave_pods, uniq_fannar
Lair:4:   layout_cellular_growth, minmay_snake_entry_spellcaster,
          portal_ice_cave_entry_ice_simulacra, ice2_lemuel, lemuel_fruit_tree,
          serial_bayou_shore_a
Lair:5:   layout_loops_ring, nicolae_slime_entry_slimehenge,
          serial_bayou_shore_b, uniq_kirke
Lair:6:   grunt_lair_end_beastmaster, layout_regular_city, grunt_megastairs_2
Orc:1:    layout_caves, basic_altar, okawaru_metal_pillars_1_2
Orc:2:    grunt_orc_community_town_hall, layout_diamond_mine,
          grunt_orc_community_big_house_2, grunt_orc_community_big_house_2,
          grunt_orc_community_house_3, grunt_orc_community_house_2,
          grunt_orc_community_house_1, grunt_orc_community_house_1,
          serial_shops, nicolae_lakefront_shop

Skill      XL: |  1  2  3  4  5  6  7  8  9 10 11 12 13 14 |
---------------+-------------------------------------------+-----
Stealth        | 1 2 |  2.0
Poison Magic   | 1 2 3 |  3.0
Fighting       | 2 3 4 5 7 8 9 10 | 10.3
Dodging        | 3 4 6 7 8 9 10 | 10.2
Unarmed Combat | 4 5 6 7 9 10 | 10.2
Transmutations | 3 4 5 6 8 10 14 | 14.0
Ice Magic      | 5 6 8 |  8.0
Invocations    | 3 11 | 11.5
Spellcasting   | |  2.0

Action                   |  1- 3 |  4- 6 |  7- 9 | 10-12 | 13-15 || total
-------------------------+-------+-------+-------+-------+-------++-------
Melee: Unarmed           |    67 |   142 |   195 |   497 |   597 ||  1498
       Constrict         |    22 |    24 |    28 |    13 |       ||    87
       Kick              |     9 |    18 |    40 |    15 |       ||    82
       Tentacles         |    11 |    19 |    25 |    19 |       ||    74
       Punch             |     2 |     2 |     6 |     5 |       ||    15
       Quick blade       |       |       |    66 |    83 |       ||   149
 Cast: Beastly Appendage |    16 |    32 |    23 |    16 |       ||    87
       Wereblood         |     2 |     1 |     3 |     8 |    13 ||    27
       Spider Form       |     1 |     7 |    24 |     2 |       ||    34
       Ice Form          |       |       |       |    65 |    83 ||   148
Invok: Step From Time    |       |       |       |       |     1 ||     1
       Slouch            |       |       |       |       |     1 ||     1
Evoke: Wand              |       |       |     1 |    19 |    11 ||    31
       Box of beasts     |       |       |       |     1 |       ||     1
       Phial of floods   |       |       |       |       |     1 ||     1
  Use: Potion            |     1 |       |     5 |     6 |     8 ||    20
       Scroll            |     2 |       |    16 |    12 |     5 ||    35
 Stab: Sleeping          |     4 |     8 |     3 |     2 |       ||    17
Armor: Skin              |     8 |     9 |     9 |   147 |   177 ||   350
Dodge: Dodged            |    42 |   102 |   180 |   374 |   558 ||  1256

Table legend: (Time is in decaauts)
 A = Elapsed time spent in this place.
 B = Non-inter-level travel time spent in this place.
 C = Inter-level travel time spent in this place.
 D = Time resting spent in this place.
 E = Time spent auto-exploring this place.
 F = Levels seen in this place.
 G = Mean time per level.
                   A        B        C        D        E       F      G
               +--------+--------+--------+--------+--------+-----+--------+
         Total |  37735 |  34530 |   3205 |   3669 |  25567 |  21 | 1796.9 |
       Dungeon |  20020 |  17738 |   2282 |   2459 |  12443 |  12 | 1668.3 |
        Temple |    261 |    234 |     27 |      0 |    220 |   1 |  261.0 |
          Lair |  15995 |  15145 |    850 |   1209 |  11733 |   6 | 2665.8 |
  Orcish Mines |   1458 |   1413 |     45 |      0 |   1171 |   2 |  729.0 |
               +--------+--------+--------+--------+--------+-----+--------+

Top non-repeatable levels by time:
  Lair:4: 3428 daAuts
  Lair:6: 3405 daAuts
  Lair:3: 3171 daAuts
    D:11: 2643 daAuts
  Lair:5: 2586 daAuts
     D:9: 2271 daAuts
  Lair:2: 2059 daAuts
    D:10: 1983 daAuts
     D:1: 1804 daAuts
     D:4: 1716 daAuts
     D:5: 1714 daAuts
     D:8: 1597 daAuts
     D:3: 1555 daAuts
     D:6: 1526 daAuts
     D:7: 1423 daAuts
